 Dungeon Crawl Stone Soup version 0.20-a0-1043-gbd57889 (webtiles) character file.

416 Chaoticas the Firebug (level 6, -9/45 HPs)
             Began as a Draconian Fire Elementalist on Apr 24, 2017.
             Was a Follower of Vehumet.
             Shot with an arrow by a centaur (16 damage)
             ... on level 5 of the Dungeon.
             The game lasted 00:20:35 (5183 turns).

Chaoticas the Firebug (Draconian Fire Elementalist) Turns: 5183, Time: 00:20:36

Health: -9/45      AC:  6    Str: 10    XL:     6   Next: 60%
Magic:  21/27      EV: 12    Int: 17    God:    Vehumet [*.....]
Gold:   276        SH:  0    Dex: 12    Spells: 3/13 levels left

rFire    . . .     SeeInvis .   m - staff of power
rCold    . . .     Gourm    .   (no shield)
rNeg     . . .     Faith    .   (armour unavailable)
rPois    .         Spirit   .   (helmet restricted)
rElec    .         Reflect  .   (no cloak)
rCorr    .         Harm     .   (no gloves)
MR       .....                  (no boots)
Stlth    ++........             (no amulet)
Regen    0.2/turn               (no ring)
MPRegen  0.2/turn               (no ring)

@: no status effects
A: unfitting armour, cold-blooded, AC +6
a: Renounce Religion


You were on level 5 of the Dungeon.
You worshipped Vehumet.
Vehumet was aware of your devotion.
You were not hungry.

You visited 1 branch of the dungeon, and saw 5 of its levels.

You collected 276 gold pieces.

Inventory:

Hand Weapons
 o - a +2 whip of electrocution
 s - a +1 mace of holy wrath
Missiles
 i - 114 stones (quivered)
Armour
 c - a +0 buckler
Magical Staves
 m - an uncursed staff of power (weapon)
Scrolls
 d - a scroll of fear {unknown}
 e - 4 scrolls of teleportation {unknown}
 f - 3 scrolls of remove curse {unknown}
 j - 3 scrolls of immolation {unknown}
 k - 6 scrolls of identify {unknown}
 n - a scroll of blinking {unknown}
 p - a scroll of random uselessness {unknown}
 r - a scroll of fog {unknown}
 t - a scroll of enchant weapon {unknown}
 v - a scroll of amnesia {unknown}
Potions
 h - 4 potions of agility {unknown}
 q - a potion of flight {unknown}
 u - a potion of mutation {unknown}
Books
 a - a book of Flames

   Spells                             Type                      Level
   a - Flame Tongue                   Conjuration/Fire             1
   b - Throw Flame                    Conjuration/Fire             2
   c - Conjure Flame                  Conjuration/Fire             3
   d - Inner Flame                    Hexes/Fire                   3
   e - Sticky Flame                   Conjuration/Fire             4
   f - Fireball                       Conjuration/Fire             5
Comestibles
 b - 3 bread rations
 g - a meat ration


   Skills:
 - Level 1.7 Dodging
 - Level 1.7 Stealth
 * Level 4.2 Spellcasting
 * Level 3.7 Conjurations
 * Level 5.0 Fire Magic


You had 3 spell levels left.
You knew the following spells:

 Your Spells              Type           Power        Failure   Level  Hunger
a - Flame Tongue          Conj/Fire      ###..        2%          1    None
b - Throw Flame           Conj/Fire      ###...       3%          2    ##.....
c - Conjure Flame         Conj/Fire      ###.....     8%          3    ###....
d - Sticky Flame          Conj/Fire      ###.....     26%         4    ####...


Dungeon Overview and Level Annotations

Branches:
Dungeon (5/15)
 Temple: D:4-7

Altars:
Qazlal
Sif Muna
Uskayaw
Vehumet

Annotations:
D:3 sargx's ghost, novice FoAK
D:5 Likado's ghost, amateur VSTm


Innate Abilities, Weirdness & Mutations

Your plain brown scales are hard. (AC +6)
You cannot fit into any form of body armour.
You are cold-blooded and may be slowed by cold attacks.


Message History

Casting: Throw Flame
Confirm with . or Enter, or press ? or * to list all spells.
Aiming: Throw Flame
Press: ? - help, Shift-Dir - straight line, f/p - centaur
Aim: a centaur, wielding a shortbow (heavily wounded)
The puff of flame hits the centaur.
The centaur is heavily wounded.
The centaur shoots an arrow.
The arrow hits you!
* * * LOW HITPOINT WARNING * * *
Casting: Throw Flame
Confirm with . or Enter, or press ? or * to list all spells.
Aiming: Throw Flame
Press: ? - help, Shift-Dir - straight line, f/p - centaur
Aim: a centaur, wielding a shortbow (heavily wounded)
The puff of flame hits the centaur.
The centaur appears unharmed.
The centaur is heavily wounded.
The centaur shoots an arrow.
The arrow hits you.
* * * LOW HITPOINT WARNING * * *
The centaur shoots an arrow.
The arrow hits you!
You die...

#...#.##
..... #
#......####
......####
#.........+
......'...
####...####
......####
##.## .....
# #.# ..[.
#.# ...
#.#### #+
#..@.#
####(#
#.c.......
#..#####..
#.#. .# #
.# #


You could see a centaur.

Vanquished Creatures
  The ghost of MajorBinkx the Cutter, an amateur NaVM (D:4)
  A crimson imp (D:5)
  3 worker ants
  10 adders
  3 leopard geckos (D:2)
  2 orcs
  5 giant cockroaches
  10 goblins
  14 hobgoblins
  12 jackals
  A ball python (D:2)
  4 bats
  5 frilled lizards
  12 kobolds
  8 rats
91 creatures vanquished.

Notes
Turn   | Place    | Note
-------+----------+-------------------------------------------
     0 | D:1      | Chaoticas the Draconian Fire Elementalist began the quest for the Orb.
     0 | D:1      | Reached XP level 1. HP: 14/14 MP: 3/3
   254 | D:1      | Reached XP level 2. HP: 18/20 MP: 5/5
   839 | D:2      | Reached XP level 3. HP: 24/26 MP: 2/6
  1028 | D:2      | Reached XP level 4. HP: 31/33 MP: 4/8
  1138 | D:2      | Reached skill level 4 in Fire Magic
  1753 | D:2      | Found a deep blue altar of Sif Muna.
  2189 | D:2      | Found a stormy altar of Qazlal.
  2213 | D:2      | Found a radiant altar of Vehumet.
  2262 | D:2      | Became a worshipper of Vehumet
  2517 | D:3      | Noticed sargx's ghost (novice FoAK)
  2623 | D:2      | Learned a level 2 spell: Throw Flame
  2627 | D:2      | Learned a level 3 spell: Conjure Flame
  2685 | D:2      | Reached XP level 5. HP: 33/38 MP: 7/9
  3425 | D:3      | Learned a level 4 spell: Sticky Flame
  3820 | D:4      | Reached * piety under Vehumet
  3820 | D:4      | Offered knowledge of Shock by Vehumet.
  4286 | D:4      | Noticed MajorBinkx's ghost (amateur NaVM)
  4315 | D:4      | Killed MajorBinkx's ghost
  4315 | D:4      | Reached XP level 6. HP: 30/45 MP: 2/12
  4892 | D:5      | Entered Level 5 of the Dungeon
  4980 | D:5      | Reached skill level 5 in Fire Magic
  5081 | D:5      | Noticed Likado's ghost (amateur VSTm)
  5107 | D:5      | Found a hide-covered altar of Uskayaw.
  5183 | D:5      | Shot with an arrow by a centaur

Vault maps used:
D:1:      minmay_arrival_hallway, minmay_misc_feat_square, serial_park_tiny_2
D:2:      wad_river_or_something, vehumet_crystals, grunt_temple_overflow_open
D:3:      minmay_goblin_outpost
D:4:      cheibrodos_quashed, first_bread
D:5:      lemuel_crystal_altar, dancing_weapons_uskayaw,
          minmay_temple_entry_enclosed_plants, uniq_grinder, uniq_sigmund

Skill      XL: |  1  2  3  4  5  6 |
---------------+-------------------+-----
Conjurations   | 2 3 |  3.7
Fire Magic     | 4 5 |  5.0
Spellcasting   | 3 4 |  4.2
Dodging        | |  1.7
Stealth        | |  1.7

Action                   |  1- 3 |  4- 6 || total
-------------------------+-------+-------++-------
Melee: Unarmed           |    10 |       ||    10
       Dagger            |    26 |       ||    26
       Tailslap          |     8 |     8 ||    16
       Whip              |    40 |    56 ||    96
       Staff             |       |    19 ||    19
       Mace              |       |     3 ||     3
 Cast: Flame Tongue      |    30 |    97 ||   127
       Throw Flame       |       |    34 ||    34
 Stab: Sleeping          |     2 |     1 ||     3
  Eat: Chunk             |     1 |    11 ||    12
       Royal jelly       |       |     1 ||     1
       Bread ration      |       |     1 ||     1
Armor: Skin              |    30 |    62 ||    92
Dodge: Dodged            |    64 |   104 ||   168
